 Dungeon Crawl Stone Soup version 0.29-a0-1006-g0dd7720b37 (webtiles) character file.

Game seed: 10942355559467563683

1 drpainis the Caller (level 1, 15/16 HPs)
             Began as an Ogre Summoner on Aug 7, 2022.
             Quit the game on level 1 of the Dungeon.
             The game lasted 00:00:16 (55 turns).

drpainis the Caller (Ogre Summoner)                   Turns: 55, Time: 00:00:17

Health: 15/16      AC:  3    Str: 11    XL:     1   Next: 20%
Magic:  0/3        EV:  9    Int: 16    God:
Gold:   0          SH:  0    Dex:  9    Spells: 3/4 levels left

rFire   . . .      SeeInvis .   (no weapon)
rCold   . . .      Faith    .   (no shield)
rNeg    . . .      Spirit   .   a - +0 robe
rPois   .          Reflect  .   (helmet restricted)
rElec   .          Harm     .   (no cloak)
rCorr   .          Rampage  .   (gloves unavailable)
Will    .....                   (boots unavailable)
Stlth   +.........              (no amulet)
HPRegen 0.05/turn               (no ring)
MPRegen 0.08/turn               (no ring)

@: no status effects
A: large, unfitting armour, tough skin 1
a: no special abilities


You were on level 1 of the Dungeon.
You visited 1 branch of the dungeon, and saw 1 of its levels.

Inventory:

Armour
 a - a +0 robe (worn)
Potions
 b - a potion of magic


   Skills:
 + Level 1.7 Dodging
 + Level 1.4 Stealth
 + Level 2.4 Spellcasting
 + Level 3.6 Summonings


You had 3 spell levels left.
You knew the following spells:

 Your Spells              Type           Power      Damage    Failure   Level
a - Summon Small Mammal   Summ           52%        N/A       4%          1

Your spell library contained the following spells:

 Spells                   Type           Power      Damage    Failure   Level
 Call Imp                 Summ           13%        N/A       7%          2
 Call Canine Familiar     Summ           13%        N/A       13%         3
 Summon Guardian Golem    Hex/Summ       7%         N/A       28%         3
 Summon Lightning Spire   Summ/Air       7%         N/A       67%         4


Dungeon Overview and Level Annotations

Branches:
Dungeon (1/15)

Altars:


Innate Abilities, Weirdness & Mutations

You are too large for most types of armour.
You have tough skin. (AC +1)


Message History

Your quokka's corpse disappears in a puff of smoke!
Your bat hits the kobold but does no damage.
Your bat completely misses the kobold.
Your bat hits the kobold.
Your bat closely misses the kobold.
The kobold hits your bat with a +0 club.
Your bat hits the kobold but does no damage.
There are monsters nearby!
Your bat barely misses the kobold. x2; Your bat closely misses the kobold.
The kobold hits your bat with a +0 club.
Your bat closely misses the kobold.
Your bat misses the kobold. The kobold closely misses your bat.
You swap places.
Your bat closely misses the kobold.
Your bat hits the kobold.
The kobold hits your bat with a +0 club.
Your bat dies!
Your bat's corpse disappears in a puff of smoke!
The kobold hits your quokka with a +0 club.
Your quokka bites the kobold.
The kobold dies!
Your quokka barely misses the quokka.
A quokka is nearby!
You are out of magic!
The quokka misses your quokka.
Your quokka barely misses the quokka.
The quokka bites your quokka but does no damage.
Your quokka misses the quokka. The quokka bites your quokka.
Your quokka dies!
Your quokka's corpse disappears in a puff of smoke!
Your bat hits the quokka. The quokka closely misses your bat.
Your bat barely misses the quokka.
Your bat misses the quokka. Your bat misses the quokka.
Your bat barely misses the quokka.
The quokka bites your bat.
Your bat dies!
Your bat's corpse disappears in a puff of smoke!
You are out of magic!
You are out of magic!
Unknown command.
Unknown command.
Annotate which branch? (. - D:1, ? - help, ! - show branch list)
Okay, then.
Are you sure you want to abandon this character and quit the game? (Confirm with "yes".)

#... #.#######..#
..........# ## #.#
. #)# #.#.# ..
#.#.# .#######
#.#r######.##.....#
#.#@#.#....##.....+
#.#.#...#..##<.8..#
# #.....#..##.....+
####.....##.....#
#...##.###'#+##.
##.#..#.#........
###..#.............
#...##.##.##.....##
######.#..##.#.#.#


You could see a quokka.

Vanquished Creatures (collateral kills)
  A kobold (D:1)
1 creature vanquished.

Notes
Turn   | Place    | Note
-------+----------+-------------------------------------------
     0 | D:1      | drpainis the Ogre Summoner began the quest for the Orb.
     0 | D:1      | Reached XP level 1. HP: 16/16 MP: 3/3
    55 | D:1      | Quit the game

Illustrated notes

Levels and vault maps discovered:
D:1:      minmay_arrival_solitary_statue, layout_rooms, serial_co_window_serial,
          co_window_cross_1, co_window_of_opportunity_a, co_window_paths_a,
          co_window_paths_a, co_window_paths_a, co_window_broadway_a,
          co_window_2corner, co_window_unsneaky_path_c, co_window_broadway_b,
          co_window_broadway_c, co_window_corner_ca, glass_columns_c,
          glass_columns_a, glass_columns_b, minmay_split_cup_small

Action                   || total
-------------------------++-------
 Cast: Summon Small Mamm ||     4
Armor: Robe              ||     1

Table legend: (Time is in decaauts)
 A = Elapsed time spent in this place.
 B = Non-inter-level travel time spent in this place.
 C = Inter-level travel time spent in this place.
 D = Time resting spent in this place.
 E = Time spent auto-exploring this place.
 F = Levels seen in this place.
 G = Mean time per level.
                   A        B        C        D        E       F      G
               +--------+--------+--------+--------+--------+-----+--------+
         Total |     55 |     55 |      0 |      0 |     35 |   1 |   55.0 |
       Dungeon |     55 |     55 |      0 |      0 |     35 |   1 |   55.0 |
               +--------+--------+--------+--------+--------+-----+--------+

Top non-repeatable levels by time:
     D:1: 55 daAuts
